 Dungeon Crawl Stone Soup version 0.22.1-5-g62c59d919a (webtiles) character file.

116698 Gargoyl the Cleaver (level 15, -16/127 HPs)
             Began as a Centaur Abyssal Knight on Jan 11, 2019.
             Was a High Priest of Lugonu.
             Demolished by Xycsirubiu's ghost (31 damage)
             ... on level 2 of the Spider Nest.
             The game lasted 01:01:46 (41274 turns).

Gargoyl the Cleaver (Centaur Abyssal Knight)       Turns: 41274, Time: 01:01:47

Health: -16/127    AC: 35    Str: 20    XL:     15   Next: 89%
Magic:  16/24      EV: 11    Int: 11    God:    Lugonu [*****.]
Gold:   843        SH:  7    Dex: 15    Spells: 14/14 levels left

rFire    . . .     SeeInvis .   o - +6 war axe (elec)
rCold    . . .     Gourm    .   D - +2 buckler
rNeg     . . .     Faith    .   V - +3 scale mail {MR+}
rPois    +         Spirit   .   O - +2 helmet
rElec    .         Reflect  .   A - +0 cloak "Xosyses" {MR++}
rCorr    .         Harm     .   (no gloves)
MR       ++++.     Clarity  +   z - +4 centaur barding
Stlth    ..........             U - amulet of the acrobat
HPRegen  0.31/turn              I - +3 ring of dexterity
MPRegen  0.19/turn              N - ring "Suny" {rPois AC+6}

@: studying Hexes, very quick
A: large, hooves 3, iridescent scales 1, clarity, deformed body, speed 2, poison
resistance, strong 1, tough skin 3
}: 1/15 runes: gossamer
a: Depart the Abyss, Bend Space, Banish, Corrupt, Enter the Abyss, Renounce
Religion


You were on level 2 of the Spider Nest.
You worshipped Lugonu.
Lugonu was extremely pleased with you.
You were near starving.

You visited 3 branches of the dungeon, and saw 20 of its levels.
You visited the Abyss 1 time.
You also visited: Labyrinth and Sewer.

You collected 1608 gold pieces.
You spent 765 gold pieces at shops.

Inventory:

Hand Weapons
 a - a +1 hand axe
 o - a +6 war axe of electrocution (weapon)
 y - a +2 shortbow of freezing
Missiles
 t - 12 javelins (quivered)
Armour
 f - a scarf of cloud immunity
 z - a +4 centaur barding (worn)
 A - the +0 cloak "Xosyses" (worn) {MR++}
   (You bought it in a shop on level 5 of the Dungeon)

   It affects your resistance to hostile enchantments.
 D - a +2 buckler (worn)
 O - a +2 helmet (worn)
 V - a +3 scale mail of magic resistance (worn)
Jewellery
 b - an uncursed ring of resist corrosion
 B - an uncursed ring of protection from magic
 E - an uncursed ring of protection from fire
 I - a +3 ring of dexterity (left hand)
 N - the ring "Suny" (right hand) {rPois AC+6}
   (You found it on level 2 of the Lair of Beasts)

   [ring of protection]

   It affects your AC (+6).
   It protects you from poison.
 R - an uncursed ring of protection from magic
 U - an amulet of the acrobat (around neck)
Wands
 d - a wand of flame (41)
 r - a wand of enslavement (4)
 s - a wand of iceblast (8)
 v - a wand of polymorph (26)
 F - a wand of random effects (71)
 L - a wand of scattershot (4)
 P - a wand of disintegration (34)
 Q - a wand of acid (12)
Scrolls
 e - 3 scrolls of blinking
 g - 13 scrolls of remove curse
 h - 11 scrolls of teleportation
 k - 5 scrolls of magic mapping
 x - 4 scrolls of fog
 G - a scroll of fear
 H - a scroll of identify
 J - 4 scrolls of amnesia
Potions
 i - 5 potions of agility
 j - 3 potions of cancellation
 l - a potion of resistance
 m - 6 potions of haste
 n - a potion of heal wounds
 p - 2 potions of mutation
 q - 7 potions of might
 u - 4 potions of ambrosia
 w - 6 potions of flight
 C - 2 potions of brilliance
 K - a potion of magic
 M - 2 potions of curing
 S - a potion of berserk rage
Books
 T - a manual of Hexes
Comestibles
 c - 40 rations


   Skills:
 + Level 10.3 Fighting
 * Level 13.5 Axes
 + Level 4.4 Bows
 + Level 1.2 Throwing
 * Level 11.0 Armour
 * Level 9.4 Dodging
 + Level 5.3 Shields
 * Level 12.7 Invocations
 + Level 0.4 Evocations


You had 14 spell levels left.
You didn't know any spells.
Your spell library contained the following spells:

 Spells                   Type           Power        Failure   Level  Hunger
 Animate Skeleton         Necr           N/A          63%         1    ##.....
 Apportation              Tloc           #.....       63%         1    ##.....
 Confusing Touch          Hex            #.....       63%         1    ##.....
 Flame Tongue             Conj/Fire      #....        63%         1    ##.....
 Magic Dart               Conj           #...         63%         1    ##.....
 Pain                     Necr           #...         63%         1    ##.....
 Shock                    Conj/Air       #...         63%         1    ##.....
 Summon Small Mammal      Summ           #...         63%         1    ##.....
 Blink                    Tloc           N/A          77%         2    ###....
 Poisonous Vapours        Pois/Air       #.....       77%         2    ###....
 Searing Ray              Conj           #.....       77%         2    ###....
 Shroud of Golubria       Chrm/Tloc      #.........   77%         2    ###....
 Sticks to Snakes         Tmut           #.......     77%         2    ###....
 Swiftness                Chrm/Air       #.......     77%         2    ###....
 Conjure Flame            Conj/Fire      #.......     94%         3    ####...
 Dazzling Spray           Conj/Hex       #.....       94%         3    ####...
 Lesser Beckoning         Tloc           #.........   94%         3    ####...
 Mephitic Cloud           Conj/Pois/Air  #.......     94%         3    ####...
 Ozocubu's Armour         Chrm/Ice       #.......     94%         3    ####...
 Recall                   Summ/Tloc      N/A          94%         3    ####...
 Regeneration             Chrm/Necr      #.........   94%         3    ####...
 Static Discharge         Conj/Air       #.......     94%         3    ####...
 Vampiric Draining        Necr           #.........   94%         3    ####...
 Airstrike                Air            #.........   100%        4    #####..
 Animate Dead             Necr           N/A          100%        4    #####..
 Cause Fear               Hex            #.........   100%        4    #####..
 Force Lance              Conj/Tloc      #.......     100%        4    #####..
 Fulminant Prism          Conj/Hex       #.........   100%        4    #####..
 Ice Form                 Ice/Tmut       #.......     100%        4    #####..
 Iskenderun's Mystic Bla  Conj           #.......     100%        4    #####..
 Bolt of Magma            Conj/Fire/Erth #.........   100%        5    ######.
 Borgnjor's Vile Clutch   Necr/Erth      #.........   100%        5    ######.
 Iskenderun's Battlesphe  Conj/Chrm      #.......     100%        5    ######.
 Lightning Bolt           Conj/Air       #.........   100%        5    ######.
 Venom Bolt               Conj/Pois      #.........   100%        5    ######.
 Bolt of Fire             Conj/Fire      #.........   100%        6    #######
 Death Channel            Necr           #.........   100%        6    #######
 Dispersal                Tloc           #.........   100%        6    #######
 Freezing Cloud           Conj/Ice/Air   #.........   100%        6    #######
 Iron Shot                Conj/Erth      #.........   100%        6    #######
 Simulacrum               Ice/Necr       #.........   100%        6    #######
 Statue Form              Tmut/Erth      #........    100%        6    #######
 Dragon Form              Tmut           #.........   100%        7    #######
 Orb of Destruction       Conj           #.........   100%        7    #######
 Ring of Flames           Chrm/Fire      #.........   100%        7    #######
 Spellforged Servitor     Conj/Summ      #.........   100%        7    #######
 Controlled Blink         Tloc           N/A          100%        8    #######
 Dragon's Call            Summ           #.........   100%        9    #######


Dungeon Overview and Level Annotations

Branches:
Dungeon (10/15)            Temple (0/1) D:6            Lair (6/6) D:10
  Swamp (0/4) Lair:3       Spider (4/4) Lair:4        Slime (0/5) Lair:6
    Orc: D:9-12

Altars:
Ashenzari
Cheibriados
Fedhas
Hepliaklqana
Makhleb
Nemelex Xobeh
Okawaru
Sif Muna
Trog
Uskayaw
Wu Jian
Xom
Yredelemnul

Shops:
D:4 *[(   D:5 =[=(!   D:9 [

Annotations:
D:4 1 runed door, Anmu's ghost, novice FoFi
Spider:2 Gargoyl's ghost, journeyman CeAK; Xycsirubiu's ghost, adept MiBe
Abyss:1 Asterion; Qicim's ghost, journeyman DgWr


Innate Abilities, Weirdness & Mutations

You have hooves in place of feet.
Armour fits poorly on your strangely shaped body.
You cover ground very quickly.
You have extremely tough skin. (AC +3)
You are partially covered in iridescent scales. (AC +2)
You possess an exceptional clarity of mind.
Your system is resistant to poisons. (rPois)
Your muscles are strong. (Str +2)


Message History

You barely miss Xycsirubiu's ghost.
Xycsirubiu's ghost is moderately damaged.
Xycsirubiu's ghost hits you!!
* * * LOW HITPOINT WARNING * * *
You writhe in agony.
* * * LOW HITPOINT WARNING * * *
Press: ? - help, Shift-Dir - straight line, f/p - Xycsirubiu's ghost
Aim: Xycsirubiu's ghost, wielding a weapon of pain (moderately damaged, chance Xycsirubiu's ghost resists with almost no effort.
You feel somewhat more hungry.
Xycsirubiu's ghost hits you but does no damage.
You writhe in agony.
* * * LOW HITPOINT WARNING * * *
There is a stone staircase leading down here.
Press: ? - help, Shift-Dir - straight line, f/p - Xycsirubiu's ghost
Aim: Xycsirubiu's ghost, wielding a weapon of pain (moderately damaged, chance Xycsirubiu's ghost resists with almost no effort.
You are near starving!
Xycsirubiu's ghost hits you!!
You die...

...### #..(..[.........####
.....## ##(.............## #
###..^#######...............#
#.##..#..#...(............#
###.####..#.#...(...........##
#...####..#.#.........<......##
.....##.####.....#........)...##
...#...## #....W###......###..##
#.....## #....@# ###...## ##...
#...#..# ##.##..## #....# ##..
##^.##.## #..###..###....# #...
^#..###.###.## ##........# ##...
.#.## #.##.######..##....# #...#
.### ##......##...###...# #...#
## ##............##...####...#
######......^......###..^..#....
#..##.......##.....# #...##.....


You could see Xycsirubiu's ghost.

Vanquished Creatures
  Arachne (Spider:3)
  Jorgrun (Spider:1)
  Roxanne (Spider:3)
  4 emperor scorpions (Spider:4)
  Louise (Spider:2)
  Azrael (Spider:2)
  The ghost of Tuanipua the Protected, a journeyman MiGl of Okawaru (Lair:3)
  A minotaur (Lab)
  A fire dragon (Lair:6)
  A death yak (Lair:5)
  A lindwurm (Lair:5)
  17 orb spiders
  21 wolf spiders
  An oklob plant (Lair:2)
  2 moths of wrath
  A manticore (Lair:5)
  An elephant (Lair:5)
  2 molten gargoyles (Lair:6)
  4 black mambas
  5 spiny frogs
  A torpor snail (Spider:2)
  An eye of devastation (Lair:6)
  4 gargoyles (Lab)
  11 demonic crawlers
  6 rime drakes
  3 komodo dragons (Lair:6)
  23 jumping spiders
  A meliai (Lair:5)
  2 polar bears
  2 queen bees
  4 hornets (Spider:1)
  6 dream sheep (Lair:6)
  9 blink frogs
  8 hippogriffs
  63 redbacks
  A shadow (Lab)
  A spriggan (D:7)
  35 tarantellas
  6 wyverns
  45 yaks
  Eustachio (D:5)
  3 fire elementals (Spider:2)
  Grum (D:9)
  6 basilisks
  3 steam dragons
  7 vampire mosquitoes (Lair:3)
  7 water moccasins
  9 porcupines
  2 black bears
  8 hell hounds
  3 sky beasts
  An eye of draining (Lair:6)
  5 ice beasts
  A black mamba simulacrum (Lair:3)
  51 wolves
  3 ogres
  4 phantoms
  6 centaurs
  10 crocodiles
  10 bullfrogs
  A gnoll sergeant (D:8)
  A water moccasin zombie (D:6)
  2 scorpions
  A blink frog simulacrum (Lair:3)
  A water moccasin skeleton (D:7)
  64 killer bees
  4 wights (D:6)
  A rime drake simulacrum (Lair:3)
  2 howler monkeys
  A torpor snail simulacrum (Lair:3)
  3 electric eels
  5 lava snakes (Lair:6)
  2 crimson imps
  A quasit (D:9)
  A bullfrog zombie (D:5)
  2 jellies
  A komodo dragon simulacrum (Lair:3)
  A bullfrog skeleton (D:9)
  5 orc priests
  A water moccasin simulacrum (Lair:3)
  5 hounds
  A centaur skeleton (D:4)
  2 iguanas
  Natasha (D:3)
  11 orc wizards
  12 worker ants
  A merfolk siren (Sewer)
  A merfolk avatar (Sewer)
  A hound zombie (D:5)
  A hound skeleton (D:4)
  A mummy (D:7)
  9 gnolls
  A howler monkey skeleton (D:4)
  8 adders
  4 river rats
  4 shadow imps
  2 oozes
  An adder skeleton (D:4)
  An adder zombie (D:4)
  5 worms
  12 leopard geckos
  44 orcs
  10 ball pythons
  7 bats
  6 giant cockroaches
  4 goblins
  3 hobgoblins
  7 jackals
  2 quokkas
  7 frilled lizards
  A giant cockroach zombie (D:5)
  2 hobgoblin zombies (D:7)
  2 jackal skeletons
  A kobold (D:3)
  2 kobold zombies (D:7)
  A quokka zombie (D:10)
  28 rats
  A butterfly (Lair:5)
  2 plants
755 creatures vanquished.

Vanquished Creatures (collateral kills)
  A spark wasp (Spider:4)
  An orb spider (Spider:4)
  A wolf spider (Spider:4)
  2 redbacks (Spider:4)
5 creatures vanquished.

Vanquished Creatures (others)
  The ghost of Qicim the Fighter, a journeyman DgWr (Spider:3)
  A ghost moth (Spider:4)
  2 emperor scorpions (Spider:3)
  An entropy weaver (Spider:4)
  A spark wasp (Spider:2)
  4 hydras
  A rime drake (Lair:3)
  2 jumping spiders (Spider:1)
  2 meliai (Lair:5)
  An orc warrior (D:7)
  A wolf (D:8)
  A killer bee (Lair:2)
  3 fungi
  6 plants
27 creatures vanquished.

Grand Total: 787 creatures vanquished

Notes
Turn   | Place    | Note
-------+----------+-------------------------------------------
     0 | Abyss:1  | Gargoyl the Centaur Abyssal Knight began the quest for the
                  | Orb.
     0 | Abyss:1  | Reached XP level 1. HP: 19/19 MP: 2/2
   136 | Abyss:2  | Noticed a raiju
   136 | Abyss:2  | Noticed a raiju
   138 | Abyss:2  | Gained mutation: You tend to lose your temper in combat.
                  | [potion of mutation]
   138 | Abyss:2  | Gained mutation: Your system is resistant to poisons.
                  | (rPois) [potion of mutation]
   138 | Abyss:2  | Gained mutation: You passively map a small area around you.
                  | [potion of mutation]
   138 | Abyss:2  | Gained mutation: You are partially covered in iridescent
                  | scales. (AC +2) [potion of mutation]
   139 | D:1      | Escaped the Abyss
   187 | D:1      | Found a shattered altar of Ashenzari.
   225 | D:1      | Reached * piety under Lugonu
   254 | D:1      | Reached XP level 2. HP: 26/26 MP: 3/3
   517 | D:1      | Reached skill level 1 in Dodging
   917 | D:2      | Found a faded altar of an unknown god.
   978 | D:2      | Reached skill level 2 in Axes
  1104 | D:2      | Reached XP level 3. HP: 7/31 MP: 4/4
  1450 | D:2      | Found a basalt altar of Yredelemnul.
  1453 | D:2      | Found a bloodstained altar of Trog.
  1463 | D:2      | Found a blossoming altar of Fedhas.
  1502 | D:2      | Found a hazy altar of Hepliaklqana.
  1965 | D:3      | Reached XP level 4. HP: 36/38 MP: 5/5
  2087 | D:3      | Found a snail-covered altar of Cheibriados.
  2211 | D:3      | Noticed a sky beast
  2506 | D:2      | Killed a sky beast
  2506 | D:2      | Reached XP level 5. HP: 37/46 MP: 5/7
  2764 | D:3      | Reached skill level 3 in Axes
  2787 | D:3      | Noticed Natasha
  2792 | D:3      | Killed Natasha
  3397 | D:3      | Reached ** piety under Lugonu
  3533 | D:4      | Reached XP level 6. HP: 34/52 MP: 8/8
  3708 | D:4      | Found a runed door.
  3708 | D:4      | Noticed Anmu's ghost (novice FoFi)
  4691 | D:4      | Found Oleaq's Antique Armour Shoppe.
  4996 | D:4      | HP: 2/52 [gnoll (5)]
  5388 | D:4      | Reached XP level 7. HP: 56/59 MP: 9/9
  5677 | D:4      | Reached skill level 4 in Axes
  5742 | D:4      | Found Tioc Quira's Antique Weapon Shoppe.
  5749 | D:4      | Bought a glowing war axe for 104 gold pieces
  5848 | D:4      | Found Osmarhee's Assorted Antiques.
  5949 | D:5      | Entered Level 5 of the Dungeon
  5950 | D:5      | Found Arapn's Weapon Shop.
  5954 | D:5      | Found Gilugg's Jewellery Emporium.
  5954 | D:5      | Noticed Eustachio
  5960 | D:5      | Killed Eustachio
  6024 | D:5      | Found Suj Heamubah's Armour Shoppe.
  6180 | D:5      | Found Exzov's Distillery.
  6193 | D:5      | Reached XP level 8. HP: 27/66 MP: 11/11
  6552 | D:5      | Found Eclem's Jewellery Emporium.
  6984 | D:6      | Reached skill level 5 in Axes
  7248 | D:6      | Reached *** piety under Lugonu
  7272 | D:6      | Found a staircase to the Ecumenical Temple.
  7298 | D:6      | Reached skill level 5 in Armour
  7506 | D:6      | Found a glowing drain.
  7511 | Sewer    | Entered a sewer
  7646 | Sewer    | Reached skill level 5 in Invocations
  7735 | Sewer    | Reached **** piety under Lugonu
  8116 | D:6      | Reached XP level 9. HP: 54/73 MP: 12/12
  8445 | D:6      | Reached skill level 6 in Axes
  8527 | D:6      | Found an iron altar of Okawaru.
  8611 | D:6      | Reached skill level 1 in Bows
  8912 | D:5      | Bought the +0 cloak "Xosyses" {MR++} for 199 gold pieces
  9152 | D:7      | Reached skill level 5 in Fighting
  9491 | D:7      | Found a burning altar of Makhleb.
  9492 | D:7      | Found a shimmering altar of Xom.
  9774 | D:7      | Found a sparkling altar of Nemelex Xobeh.
 10421 | D:8      | Found a hide-covered altar of Uskayaw.
 10427 | D:8      | Reached ***** piety under Lugonu
 10948 | D:8      | Noticed a white ugly thing
 10960 | D:8      | Reached XP level 10. HP: 66/81 MP: 14/14
 10974 | D:8      | Banished a white ugly thing
 11523 | D:8      | Found a deep blue altar of Sif Muna.
 11978 | D:9      | Noticed Grum
 12403 | D:9      | Killed Grum
 12403 | D:9      | Reached skill level 7 in Axes
 12759 | D:9      | Found Poqoe's Armour Shoppe.
 13298 | D:10     | Entered Level 10 of the Dungeon
 13674 | D:10     | Reached skill level 1 in Shields
 13747 | D:10     | Found a staircase to the Lair.
 14038 | D:10     | Reached skill level 5 in Dodging
 14513 | Lair:1   | Entered Level 1 of the Lair of Beasts
 14532 | Lair:1   | Noticed a spiny frog
 14540 | Lair:1   | Killed a spiny frog
 14670 | Lair:1   | Reached XP level 11. HP: 35/89 MP: 16/16
 14940 | Lair:1   | You fall through a shaft!
 15363 | Lair:2   | Reached skill level 8 in Axes
 17604 | Lair:2   | Noticed an oklob plant
 18312 | Lair:2   | Killed an oklob plant
 18315 | Lair:2   | Got a steaming jade ring
 18317 | Lair:2   | Identified the ring "Suny" {rPois AC+6} (You found it on
                  | level 2 of the Lair of Beasts)
 18337 | Lair:3   | Noticed a seven-headed hydra
 18338 | Lair:3   | Banished a seven-headed hydra
 18542 | Lair:3   | Reached skill level 1 in Throwing
 18762 | Lair:3   | Reached skill level 9 in Axes
 18841 | Lair:3   | Reached XP level 12. HP: 81/97 MP: 18/18
 18908 | Lair:3   | Reached ****** piety under Lugonu
 19093 | Lair:3   | Found a runed gate.
 19094 | Lair:3   | Found a runed gate.
 19095 | Lair:3   | Found a runed gate.
 19329 | Lair:3   | Found a hide-covered altar of Uskayaw.
 19583 | Lair:3   | Found a staircase to the Swamp.
 19799 | Lair:3   | Noticed Tuanipua's ghost (journeyman MiGl)
 19816 | Lair:3   | Killed Tuanipua's ghost
 20245 | Lair:4   | Found a hole to the Spider Nest.
 20604 | Lair:4   | Reached skill level 10 in Axes
 20758 | Lair:2   | Got a fine ring mail
 20769 | Lair:2   | Identified the +1 ring mail of Pantheism {Regen+ Dex+4}
                  | (You found it on level 2 of the Lair of Beasts)
 21064 | D:5      | Bought a +0 centaur barding for 230 gold pieces
 21116 | D:4      | Bought a runed chain mail for 232 gold pieces
 22414 | Lair:5   | Noticed a four-headed hydra
 22422 | Lair:5   | Banished a five-headed hydra
 22671 | Lair:5   | Reached XP level 13. HP: 77/107 MP: 19/19
 23766 | Lair:5   | Reached skill level 10 in Invocations
 24370 | Lair:6   | Entered Level 6 of the Lair of Beasts
 24401 | Lair:6   | Found an ornate altar of the Wu Jian Council.
 24412 | Lair:6   | Found a staircase to the Slime Pits.
 24414 | Lair:6   | Found a labyrinth entrance.
 24431 | Lab      | Entered a labyrinth
 24646 | Lab      | Reached skill level 11 in Axes
 24706 | Lab      | Noticed a minotaur
 24729 | Lab      | Killed a minotaur
 24921 | Lab      | Identified the Volume of Dislocation
 25279 | Lair:6   | Identified the Collected Works on Protection and
                  | Translocation
 25743 | Lair:6   | Found a large runed door.
 25744 | Lair:6   | Found a large runed door.
 26420 | Lair:6   | Noticed a fire dragon
 26761 | Lair:6   | Killed a fire dragon
 26882 | Lair:6   | Lost mutation: You passively map a small area around you.
                  | [potion of mutation]
 26882 | Lair:6   | Lost mutation: You tend to lose your temper in combat.
                  | [potion of mutation]
 26882 | Lair:6   | Gained mutation: Your muscles are strong. (Str +2) [potion
                  | of mutation]
 26882 | Lair:6   | Gained mutation: You possess an exceptional clarity of
                  | mind. [potion of mutation]
 26945 | Spider:1 | Entered Level 1 of the Spider Nest
 27121 | Spider:1 | Noticed Jorgrun
 27146 | Spider:1 | Killed Jorgrun
 27146 | Spider:1 | Reached XP level 14. HP: 56/116 MP: 22/22
 28096 | Spider:1 | Reached skill level 12 in Axes
 28104 | Spider:1 | Reached skill level 10 in Armour
 29033 | Spider:1 | You fall through a shaft!
 29360 | Spider:2 | Noticed Azrael
 29375 | Spider:2 | Killed Azrael
 29821 | Spider:2 | Noticed Louise
 29862 | Spider:2 | Killed Louise
 31924 | Spider:3 | Noticed Roxanne
 32612 | Spider:3 | Noticed Arachne
 32648 | Spider:3 | Killed Arachne
 32648 | Spider:3 | Reached XP level 15. HP: 46/125 MP: 23/23
 32971 | Spider:3 | Found a runed gate.
 32971 | Spider:3 | Found a runed gate.
 32972 | Spider:3 | Found a runed gate.
 32973 | Spider:3 | Noticed Gargoyl's ghost (journeyman CeAK)
 32974 | Spider:3 | Noticed Qicim's ghost (journeyman DgWr)
 32974 | Spider:3 | Noticed Qicim's ghost (journeyman DgWr)
 32975 | Spider:3 | Noticed Xycsirubiu's ghost (adept MiBe)
 33941 | Spider:4 | Entered Level 4 of the Spider Nest
 34637 | Spider:3 | Banished Qicim's ghost
 35509 | Spider:3 | Killed Roxanne
 35510 | Spider:3 | Identified Roxanne's Tome of Changing (You took it off
                  | Roxanne on level 3 of the Spider Nest)
 35980 | Spider:3 | Reached skill level 13 in Axes
 36396 | Spider:3 | Banished Qicim's ghost
 36396 | Spider:3 | Reached skill level 5 in Shields
 36495 | Spider:3 | Reached skill level 10 in Fighting
 36983 | Spider:4 | Noticed Asterion
 38637 | Spider:4 | Noticed an Executioner
 38645 | Spider:3 | Banished Asterion
 40872 | Spider:4 | Got a gossamer rune of Zot
 40883 | Spider:4 | Killed a ghost moth
 41274 | Spider:2 | Demolished by Xycsirubiu's ghost

Skill      XL: |  1  2  3  4  5  6  7  8  9 10 11 12 13 14 15 |
---------------+----------------------------------------------+-----
Dodging        | 1 2 3 4 5 6 7 8 9 |  9.4
Axes           | 2 3 4 5 6 7 9 10 11 12 13 | 13.5
Armour         | 2 3 4 5 6 7 8 9 10 11 | 11.0
Invocations    | 3 4 5 6 7 8 9 10 11 12 | 12.7
Fighting       | 4 5 6 7 8 9 10 | 10.3
Bows           | 4 |  4.4
Shields        | 1 2 3 4 5 |  5.3
Throwing       | 1 |  1.2
Evocations     | |  0.4

Action                   |  1- 3 |  4- 6 |  7- 9 | 10-12 | 13-15 || total
-------------------------+-------+-------+-------+-------+-------++-------
Melee: Hand axe          |   104 |   198 |    25 |       |       ||   327
       Kick              |    17 |    41 |    68 |   173 |   414 ||   713
       War axe           |       |       |   317 |   713 |  1219 ||  2249
 Fire: Shortbow          |       |       |    85 |       |       ||    85
Throw: Javelin           |       |       |     2 |    13 |    10 ||    25
Invok: Depart the Abyss  |     1 |       |       |       |       ||     1
       Banish            |       |       |     1 |     8 |    23 ||    32
       Bend Space        |       |       |       |     1 |     2 ||     3
Evoke: Wand              |       |       |       |    12 |       ||    12
  Use: Scroll            |     4 |       |    15 |    14 |    16 ||    49
       Potion            |     3 |     4 |       |     2 |    12 ||    21
 Stab: Invisible         |       |       |     1 |       |       ||     1
       Distracted        |       |       |       |       |     1 ||     1
  Eat: Chunk             |     2 |     7 |    12 |    12 |    11 ||    44
       Ration            |       |     1 |     1 |     7 |    14 ||    23
Armor: Leather armour    |    55 |    35 |       |       |       ||    90
       Chain mail        |       |   136 |   298 |   612 |   140 ||  1186
       Scale mail        |       |       |       |       |   964 ||   964
Dodge: Dodged            |    52 |    74 |   130 |   352 |   747 ||  1355
Block: Buckler           |       |       |     6 |   298 |   505 ||   809
